Cogmind - Beta 13 @@@ ROGUE MODE // 2024.04.04 @ 19:52:44 Player: _An Result: Destroyed by C-17 Slicer with Blade Saw Performance ------------- Evolutions (2) 1000 Regions Visited (5) 1000 Robots Destroyed (14) 70 Value Destroyed (325) 325 Prototype IDs (23) 460 Alien Tech Used (0) 0 Bonus (313) 313 TOTAL SCORE: 3168 Bonus ------- High Alert Combat Kills 13 Aligned with FarCom 300 Cogmind --------- Core Integrity 0/550 Matter 5/300 Energy 57/100 System Corruption 0% Temperature Cool (37) Movement Flying (115) Ox1 Location -8/Materials Parts ------- > --- POWER (1) -------- (None) > --- PROPULSION (4) --- VTOL Module > --- UTILITY (4) ------ Lightpack 2.0 > --- WEAPON (2) ------- (None) > --- INVENTORY (40) --- Small Storage Unit Targeting Computer Hacking Suite Light Assault Rifle Peak State ------------ > --- POWER ------------ (None) > --- PROPULSION ------- Medium Treads Improved Titanium Leg Flight Unit Flight Unit > --- UTILITY ---------- Lightpack 2.0 System Shield > --- WEAPON ----------- Hammer > --- INVENTORY -------- Light Nuclear Core Small Storage Unit Targeting Computer Hacking Suite Light Assault Rifle Datajack [Rating: 45] Favorites ----------- Power Light Ion Engine Engine Light Ion Engine Power Core Light Nuclear Core Propulsion Light Treads Treads Light Treads Leg Improved Titanium Leg Flight Unit Flight Unit Utility Small Storage Unit Storage Small Storage Unit Hackware System Shield Protection Light Armor Plating Weapon Heavy Assault Rifle Energy Gun Small Laser Ballistic Gun Heavy Assault Rifle Launcher Grenade Launcher Impact Weapon Hammer Build | -11 -10 -10 -10 -9 -8 ------- Run | Yrd Mat Min Exi Min Mat Slots Evolved 4 | . . . . . 4 Power . | . . . . . . Propulsion 2 | . . . . . 2 Utility 2 | . . . . . 2 Weapon . | . . . . . . Parts Attached 33 | 8 . 8 . . 17 Power 4 | 1 . 2 . . 1 Engine 3 | 1 . 2 . . . Core 1 | . . . . . 1 Reactor . | . . . . . . Propulsion 16 | 2 . 2 . . 12 Treads 7 | 2 . . . . 5 Leg 2 | . . . . . 2 Wheel . | . . . . . . Hover . | . . . . . . Flight 7 | . . 2 . . 5 Utility 4 | 1 . 1 . . 2 Device . | . . . . . . Storage 2 | 1 . . . . 1 Processor . | . . . . . . Hackware 1 | . . . . . 1 Protection 1 | . . 1 . . . Artifact . | . . . . . . Weapon 9 | 4 . 3 . . 2 Energy Gun 2 | 1 . 1 . . . Energy Cannon . | . . . . . . Ballistic Gun 4 | 3 . 1 . . . Ballistic Cannon . | . . . . . . Launcher 2 | . . 1 . . 1 Special Weapon . | . . . . . . Impact Weapon 1 | . . . . . 1 Slashing Weapon . | . . . . . . Piercing Weapon . | . . . . . . Special Melee Weapon . | . . . . . . Unidentified Prototypes . | . . . . . . Parts Lost 16 | . . 7 . . 9 Power 3 | . . 2 . . 1 Propulsion 7 | . . 2 . . 5 Utility 2 | . . 1 . . 1 Weapon 4 | . . 2 . . 2 Highest Loss Streak 6 | . . 6 . . 4 To Critical Strikes . | . . . . . . Average Slot Usage (%) 77 | . 85 95 57 57 50 Engine 7 | . 14 12 . . . Treads 16 | . 28 26 . . 1 Leg 2 | . . . . . 7 Flight 9 | . . . 28 28 18 Storage 12 | . 14 14 14 14 10 Hackware 1 | . . . . . 5 Protection 7 | . . 12 . . . Energy Gun 2 | . . . 14 14 2 Ballistic Gun 10 | . 28 18 . . . Launcher 5 | . . 8 . . . Impact Weapon 1 | . . . . . 4 Naked Turns . | . . . . . . Heaviest Build 18 | 11 11 18 6 6 11 Greatest Support 56 | 40 40 40 8 8 56 Greatest Overweight (x) 3 | . . 1 . . 3 Average Overweight (x) . | . . . . . . Largest Inventory Capacity 40 | 8 8 8 8 8 40 Average Capacity 16 | 7 8 8 8 8 39 Most Carried 8 | 1 1 8 7 7 7 Average Carried 5 | . 1 6 4 7 4 Final Capacity 40 | 8 8 8 8 8 40 Final Carried 7 | 1 1 4 7 7 4 Class Distribution -------------------- 73% | Mutant 26% | Hauler-Mutant Dominant Class ---------------- Mutant | -10/Materials Mutant | -10/Mines Mutant | -10/Exiles Mutant | -9/Mines Hauler-Mutant | -8/Materials Resources | -11 -10 -10 -10 -9 -8 ----------- Run | Yrd Mat Min Exi Min Mat Matter Collected 407 | 101 . 306 . . . Remotely . | . . . . . . Salvage Created 203 | . . 93 . . 110 Parts 19 | . . 9 . . 10 Haulers Intercepted . | . . . . . . Recyclers Shooed . | . . . . . . Parts Field Recycled . | . . . . . . Retrieved Matter . | . . . . . . Parts Self-Destructed . | . . . . . . Prevented . | . . . . . . Kills | -11 -10 -10 -10 -9 -8 ------- Run | Yrd Mat Min Exi Min Mat Combat Hostiles Destroyed 14 | . . 7 . . 7 Guns 3 | . . 3 . . . AOE 11 | . . 4 . . 7 Classes Destroyed 6 | . . 4 . . 2 Recycler 1 | . . . . . 1 Swarmer 9 | . . 3 . . 6 Grunt 2 | . . 2 . . . Sentry 1 | . . . . . 1 Demolisher 1 | . . 1 . . . Assembled 1 | . . 1 . . . Best Kill Streak 8 | . . 3 . . 8 Combat Bots Only 7 | . . 3 . . 7 Max Kills in Single Turn 2 | . . 2 . . 2 Gunslinging 1 | . . 1 . . . Exploded 2 | . . 1 . . 2 Melee . | . . . . . . Uniques/NPCs Destroyed . | . . . . . . Combat | -11 -10 -10 -10 -9 -8 -------- Run | Yrd Mat Min Exi Min Mat Hostile Shots Fired 167 | . . 44 . . 123 Missed 49 | . . 8 . . 41 Damage Taken 2486 | . . 853 . . 1633 Core 686 | . . 136 . . 550 Absorbed by Shields . | . . . . . . Core Remaining (%) 72 | 100 . . . 45 . Volleys Fired 33 | . . 22 . . 11 Largest 2 | . . 2 . . 1 Hottest 43 | . . 43 . . 40 Shots Fired 39 | . . 28 . . 11 Gun 16 | . . 15 . . 1 Cannon . | . . . . . . Launcher 23 | . . 13 . . 10 Special . | . . . . . . Kinetic 12 | . . 12 . . . Thermal 4 | . . 3 . . 1 Explosive 23 | . . 13 . . 10 Electromagnetic . | . . . . . . Robot Hit Streak 9 | . . 9 . . 3 Robot Miss Streak 2 | . . 1 . . 2 Penetration Max . | . . . . . . Secondary Targets 1 | . . 1 . . . Max Gunslinging Chain 1 | . . 1 . . . Shots Hit Robots 22 | . . 17 . . 5 Core Hits 27 | . . 19 . . 8 Critical Kills . | . . . . . . Critical Parts Destroyed . | . . . . . . Critical Strikes . | . . . . . . Melee Attacks 18 | . . . . . 18 Impact 18 | . . . . . 18 Slashing . | . . . . . . Piercing . | . . . . . . Sneak Attacks 2 | . . . . . 2 Combat Hostiles . | . . . . . . Follow-up Attacks . | . . . . . . Damage Inflicted 1302 | 1 . 530 . . 771 Guns 135 | . . 135 . . . Cannons . | . . . . . . Explosions 1051 | . . 395 . . 656 Melee 115 | . . . . . 115 Ramming 1 | 1 . . . . . Kinetic 113 | . . 113 . . . Thermal 273 | . . 22 . . 251 Explosive 800 | . . 395 . . 405 Electromagnetic . | . . . . . . Impact 115 | . . . . . 115 Slashing . | . . . . . . Piercing . | . . . . . . Highest Corruption . | . . . . . . Average Corruption . | . . . . . . Corruption Purged . | . . . . . . Corruption Blocked . | . . . . . . Overload Shots . | . . . . . . Overflow Damage 106 | . . . . . 106 Projectiles . | . . . . . . Explosions 106 | . . . . . 106 Melee . | . . . . . . Knockbacks . | . . . . . . Impact . | . . . . . . Kinetic . | . . . . . . Secondary . | . . . . . . Self-Inflicted Damage 70 | . . . . . 70 Shots 1 | . . . . . 1 Rammed 2 | 1 . 1 . . . Targets Rammed 2 | 1 . 1 . . . Kicked . | . . . . . . Crushed . | . . . . . . Highest Temperature 17 | . . 17 . . 17 Average Temperature 11 | . . 10 . . 17 Received Heat Transfer 369 | . . 54 . . 315 Siege Activations . | . . . . . . Robots Corrupted . | . . . . . . Combat Hostiles . | . . . . . . Parts Fried . | . . . . . . Impact Corruptions . | . . . . . . Robots Melted . | . . . . . . Combat Hostiles . | . . . . . . Parts Melted . | . . . . . . Heat Transferred 250 | . . 50 . . 200 Parts Sabotaged . | . . . . . . Parts Stolen . | . . . . . . Parts Stripped . | . . . . . . Power Chain Reactions . | . . . . . . Alert | -11 -10 -10 -10 -9 -8 ------- Run | Yrd Mat Min Exi Min Mat Peak Influence 598 | . . 115 . . 598 Initial . | . . . . . . Average 150 | . . 61 . . 370 Maximum Alert Level 2 | . . . . . 2 Low Security (%) 76 | 100 100 100 . 100 22 Level 1 8 | . . . . . 27 Level 2 15 | . . . . . 49 Level 3 . | . . . . . . Level 4 . | . . . . . . Level 5 . | . . . . . . High Security . | . . . . . . Max Security . | . . . . . . Squads Dispatched 3 | . . . . . 3 Investigation . | . . . . . . Extermination . | . . . . . . Reinforcement 3 | . . . . . 3 Assault . | . . . . . . Garrison . | . . . . . . Intercept . | . . . . . . Searches Triggered . | . . . . . . Construction Impeded . | . . . . . . Haulers Reinforced . | . . . . . . Active Scanning Responses . | . . . . . . Cargo Convoy Interrupts . | . . . . . . Stealth | -11 -10 -10 -10 -9 -8 --------- Run | Yrd Mat Min Exi Min Mat Distress Signals 2 | . . . . . 2 Communications Jammed . | . . . . . . Distress Signals . | . . . . . . Times Spotted 58 | . . 19 . . 39 Peak Tracking Total 15 | . . 15 . . 11 Tactical Retreats 10 | . . 2 . . 8 Traps | -11 -10 -10 -10 -9 -8 ------- Run | Yrd Mat Min Exi Min Mat Traps Triggered . | . . . . . . Indirectly . | . . . . . . Trap Hack Attempts . | . . . . . . Triggered . | . . . . . . Disarmed . | . . . . . . Reprogrammed . | . . . . . . Reused . | . . . . . . Traps Extracted . | . . . . . . Installed . | . . . . . . Triggered . | . . . . . . Machines | -11 -10 -10 -10 -9 -8 ---------- Run | Yrd Mat Min Exi Min Mat Machines Disabled 5 | . . 2 . . 3 Max in Single Turn 2 | . . 2 . . 2 Machines Repaired . | . . . . . . Machines Dismantled . | . . . . . . Machines Sabotaged . | . . . . . . Overloaded Fab Kills . | . . . . . . Hacking | -11 -10 -10 -10 -9 -8 --------- Run | Yrd Mat Min Exi Min Mat Machines Accessed 13 | . 1 . 5 . 7 Terminals 8 | . 1 . . . 7 Fabricators . | . . . . . . Repair Stations . | . . . . . . Recycling Units . | . . . . . . Scanalyzers . | . . . . . . Garrison Access . | . . . . . . Total Hacks 56 | . 3 . 30 . 23 Successful 39 | . 1 . 30 . 8 Failed 17 | . 2 . . . 15 Catastrophic 7 | . 1 . . . 6 Database Lockouts . | . . . . . . Manual 28 | . 3 . 2 . 23 Terminals 26 | . 3 . . . 23 Fabricators . | . . . . . . Repair Stations . | . . . . . . Recycling Units . | . . . . . . Scanalyzers . | . . . . . . Garrison Access . | . . . . . . Terminal Hacks 34 | . 1 . 30 . 3 Record 29 | . . . 29 . . Branch Access Points 1 | . 1 . . . . Terminal Index 2 | . . . . . 2 Unreport Threat 1 | . . . . . 1 Derelict Proto ID Bank 1 | . . . 1 . . Fabricator Hacks . | . . . . . . Repair Station Hacks . | . . . . . . Recycling Unit Hacks . | . . . . . . Scanalyzer . | . . . . . . Garrison Access Hacks . | . . . . . . Unauthorized Hacks 5 | . . . . . 5 Terminals 5 | . . . . . 5 Botnet 5 | . . . . . 5 Fabricators . | . . . . . . Repair Stations . | . . . . . . Recycling Units . | . . . . . . Scanalyzers . | . . . . . . Garrison Access . | . . . . . . Data Cores Recovered . | . . . . . . Used . | . . . . . . Hacking Detections 7 | . 1 . . . 6 Full Trace Events . | . . . . . . Feedback Events . | . . . . . . Feedback Blocked . | . . . . . . Robot Schematics Acquired . | . . . . . . Robots Built . | . . . . . . Authchips . | . . . . . . Time . | . . . . . . Total Robot Build Rating . | . . . . . . Part Schematics Acquired . | . . . . . . Parts Built . | . . . . . . Authchips . | . . . . . . Time . | . . . . . . Total Part Build Rating . | . . . . . . Parts Repaired . | . . . . . . Time . | . . . . . . Parts Recycled . | . . . . . . Recycled Matter . | . . . . . . Retrieved Matter . | . . . . . . Retrieved Components . | . . . . . . Parts Scanalyzed . | . . . . . . Part Schematics Acquired . | . . . . . . Parts Damaged . | . . . . . . Bothacking | -11 -10 -10 -10 -9 -8 ------------ Run | Yrd Mat Min Exi Min Mat Used RIF Installer . | . . . . . . Robots Hacked . | . . . . . . Non-combat . | . . . . . . Combat . | . . . . . . Robot Hacks Applied . | . . . . . . Relay Couplers Released . | . . . . . . Fabnet Peak Effective % . | . . . . . . Robots Rewired . | . . . . . . Allies Hacked . | . . . . . . Hacks Repelled . | . . . . . . Allies | -11 -10 -10 -10 -9 -8 -------- Run | Yrd Mat Min Exi Min Mat Total Allies . | . . . . . . Largest Group . | . . . . . . Highest-Rated Group . | . . . . . . Highest-Rated Ally . | . . . . . . Total Orders . | . . . . . . Ally Attacks . | . . . . . . Total Damage . | . . . . . . Kills . | . . . . . . Allies Corrupted . | . . . . . . Allies Melted . | . . . . . . Intel | -11 -10 -10 -10 -9 -8 ------- Run | Yrd Mat Min Exi Min Mat Robot Analysis Total . | . . . . . . Derelict Logs Recovered 2 | . . 1 . 1 . Drone Launches . | . . . . . . Drone Recoveries . | . . . . . . Exploration | -11 -10 -10 -10 -9 -8 ------------- Run | Yrd Mat Min Exi Min Mat Turns Passed 1949 | 101 40 1039 224 15 530 Spaces Moved 1857 | 57 26 630 602 39 503 Core 26 | 2 . 7 . . 17 Treads 681 | 55 26 586 . . 14 Legs . | . . . . . . Wheels . | . . . . . . Hover . | . . . . . . Flight 1150 | . . 37 602 39 472 Fastest Speed 32 | 50 160 37 37 37 32 Average Speed 84 | 156 160 152 37 37 50 Slowest Speed 200 | 160 160 160 37 37 200 Overloaded Moves . | . . . . . . Propulsion Burnouts . | . . . . . . Robots Hopped 5 | . . . . . 5 Cave-ins Triggered . | . . . . . . Exploration Rate (%) 46 | 6 12 96 77 20 66 Regions Visited 5 Branch Regions 3 Pre-discovered Areas 3 | . . 1 1 1 . Known Exits Taken 1 | . 1 . . . . Unknown Exits Taken 4 | 1 . 1 1 1 . Scrap Searched 1 | . . 1 . . . Spaces Dug 5 | . . . . . 5 Terrain Destroyed 165 | . . 77 . . 88 Melee 5 | . . . . . 5 Projectile . | . . . . . . AOE 160 | . . 77 . . 83 Terrain Rammed . | . . . . . . Walls Destroyed . | . . . . . . Machines Disabled . | . . . . . . Actions | -11 -10 -10 -10 -9 -8 --------- Run | Yrd Mat Min Exi Min Mat Total 2142 | 66 25 681 602 38 730 Wait 190 | . . 12 . . 178 Move 1843 | 57 25 629 601 38 493 Hop 5 | . . . . . 5 Pick Up 13 | . . 6 1 . 6 Fast Attach 19 | 6 . 4 . . 9 Attach 13 | 1 . 4 . . 8 Detach 4 | 1 . 1 . . 2 Swap 1 | 1 . . . . . Drop 2 | . . 2 . . . Fire 33 | . . 22 . . 11 Melee 18 | . . . . . 18 Ram . | . . . . . . Kick . | . . . . . . Crush 1 | . . 1 . . . Escape Stasis . | . . . . . . Rewire . | . . . . . . Trap . | . . . . . . Miscellaneous . | . . . . . . Route ------- -11/Scrapyard -10/Materials -10/Mines (discovered 4 exits: [*Mat x2] / *Exi / [*Sub]) -10/Exiles -9/Mines -8/Materials (discovered 1 exit: [*Fac]) History --------- Turn | Location | Event 39 | -11/Scrapyard | Discovered new exit (range 15) 102 | -11/Scrapyard | Entered Materials 115 | -10/Materials | Identified exit to Mines 142 | -10/Materials | Entered Mines 152 | -10/Mines | Discovered new exit (range 5) 179 | -10/Mines | Learned Materials non-interactive machine intel 181 | -10/Mines | Joined a pair of Derelicts in attacking an 0b10 outpost 315 | -10/Mines | Build established: Mutant 381 | -10/Mines | Received a Rocket Launcher from a helpful Derelict 478 | -10/Mines | Assembled infested the area 483 | -10/Mines | Assisted by a Guerilla fighting off Assembled 863 | -10/Mines | Discovered new exit (range 10) 877 | -10/Mines | Learned location of Storage (-9) 984 | -10/Mines | Discovered new exit (range 10) 1157 | -10/Mines | Core integrity fell below 50% 1179 | -10/Mines | Deemed a non-threat by the Exiles lab entrance 1179 | -10/Mines | Discovered new exit (range 5) 1180 | -10/Mines | Lost 6 parts (1p2n1u2w) 1181 | -10/Mines | Entered Exiles 1191 | -10/Exiles | Met 8R-AWN 1197 | -10/Exiles | Met EX-HEX 1208 | -10/Exiles | Met EX-BIN 1251 | -10/Exiles | Aligned with FarCom system 1251 | -10/Exiles | Given EX-Vault access code 1260 | -10/Exiles | Opened EX-Vault 1269 | -10/Exiles | Warned to stay clear of 0b10 Research branches 1308 | -10/Exiles | Met EX-DEC 1310 | -10/Exiles | Learned location of Zion (-6) 1326 | -10/Exiles | Visited The Gauntlet 1366 | -10/Exiles | Found Lightpack 2.0 1400 | -10/Exiles | Discovered new exit (range 14) 1405 | -10/Exiles | Left Exiles lab with Lightpack 2.0 1405 | -10/Exiles | Entered Mines 1415 | -9/Mines | Learned location of Recycling (-9) 1416 | -9/Mines | Met a Derelict bent on vengeance 1418 | -9/Mines | Discovered new exit (range 4) 1420 | -9/Mines | Entered Materials 1420 | -8/Materials | Evolved 4 slots: Propulsion x2, Utility x2 1421 | -8/Materials | Loaded intel: 23 non-interactive machine locations 1600 | -8/Materials | Destroyed 7 combat bots 1617 | -8/Materials | Lost 3 parts (1n2w) 1725 | -8/Materials | Build established: Hauler-Mutant 1895 | -8/Materials | Discovered new exit (range 14) 1927 | -8/Materials | Core integrity fell below 50% 1944 | -8/Materials | Core integrity fell below 20% 1948 | -8/Materials | Lost 4 parts (1p2n1u) 1950 | -8/Materials | Destroyed by C-17 Slicer with Blade Saw Last Messages --------------- System Shield destroyed. Imp. Titanium Leg severed. Acquired Med. Treads. Lgt. Nuclear Core destroyed. R-06 Scavenger collects Med. Treads. R-06 Scavenger collects Imp. Titanium Leg. Med. Treads severed. Slug penetrates Wall. Med. Treads severed. K-01 Serf collects debris. B-36 Bruiser destroyed. Acquired VTOL Module. Knocked back. Acquired VTOL Module. Med. Treads severed. VTOL Module severed. Penetrated by Slug. VTOL Module destroyed. Knocked back. Critical hit (Burn: +37). Map ----- +----------------------------------------------------+ | ??? """"" # # #??"""""? | | ?# """ + # ] ! #???????? | | ?# # # #???????? | | ?# # + #???????? | | ?# ?# # """ #???????? | | ?# ?# % # """ #???????? | | ?########## # """ #???????? | | ??????#!! # #???????? | | ??????#!! % # ########??????"" | | ??????#!! #?????????????"" | | ??????#!! % ##?????????????"" | | ??????# #??????????????? | | ??????# =/ % ##??????????????? | | ??????### ##??????#+####### | | ????????# #% #??????# """"" | | ????????## % ##??????# ""T"" | | ??????##### = #???????# | | ?###### ##=% #???????# | | ?# % ; # ! #??# | | ?#= = ]= !# # ????# | | ?# % ]] # #? #??# | | ?# =gH # #? #??# | | ?# g Y #?? #??#+###+## | | ?#c""" # #?? #????? ## | | ?#=""" % # +??? #???""" [#! | | ?# """c@ # #??? #??#""" # | | ?# # < #???? #??#""" # | | ?########## #???? #??# # | | ??????????#####?????#??# [ # | | ???????????????????????######## | | ??????????????????????????????## | | ???????????????????????????????? | | ???????????????????????????????? | | ???????????????????????????????? | | ???????????????????????????????? | | ???????????????????????????????? | | ???????????????????????????????? | | ???????????????????????????????? | | ???????????????????????????????? | | ???????????????????????????????? | | ???????????????????????????????? | | ???????????????????????????????? | | ???????????????????????????????? | | ???????????????????????????????? | | ???????????????????????????????? | | | | | | | | | | | +----------------------------------------------------+ Best States ------------- Heat Dissipation 31 Energy Generation 14 Energy Capacity 250 Matter Stores 300 Matter Capacity 300 Sight Range 16 Terrain Scan Density 10 Armor Coverage 150 Evasion (%) 63 Recoil Reduction 2 Defensive Hacking 10 Item Schematics ----------------- None Robot Schematics ------------------ None Fabricated ------------ Nothing Alien Tech Used ----------------- None Achievements -------------- None Challenges ------------ None Game ------ Seed SwordMakeshiftNetwork Manual? 0 Play Time 00:20:10 Cumulative 13.3 hours Start 2024.04.04 @ 19:33:40 End 2024.04.04 @ 19:52:44 Sessions 1 Manual Loads 0 Difficulty Rogue Special Mode None Game No. 24 Rogue 24 Adventurer 0 Explorer 0 Win Type - Total 0 Types 0/0/0/0/0/0/0/0/0 Lore% 13 Gallery% 26 Achievement% 23 Wizard Run 0 Options --------- Layout 1 ASCII 0 Keyboard 1 Movement Numpad Keybinds 0 Fullscreen 1 Font 32/SmallcapsGlow Map View 50x35 Zoom Use 0% Tactical HUD 0 Map Filters NONE Filters NONE Steam 1 RUN: fcd015c0-b8cd-4cae-a598-ca08c5df5a5a